Map: Cerulean Fall LE

Players

Sketchaphone - Winner!

  • Race: Zerg Zerg
  • League: Platinum
  • Spawn Location: 7:00

Fries

  • Race: Protoss Protoss
  • League: Silver
  • Spawn Location: 1:00

VOD

Have the link to the VOD?

Description

Time

  • Played on: Nov. 11, 2018, 2:38 p.m.
  • Length: 9:49
Show
View Real Time Build Order
Export as new Build Order

Sketchaphone Zerg - Winner!

Build Orders: Hatch First 

Get SALT Encoding   

  12  0:01  Drone  
  13  0:12  Overlord  
  13  0:25  Drone  
  14  0:31  Drone x2  
  16  0:36  Drone  
  17  0:55  Hatchery  
  16  1:03  Extractor  
  16  1:04  Drone  
  16  1:16  Spawning Pool  
  15  1:20  Drone  
  16  1:28  Drone x2  
  18  1:33  Drone  
  19  1:42  Drone  
  20  1:52  Overlord  
  20  2:08  Queen  
  20  2:09  Queen  
  24  2:18  Metabolic Boost  
  24  2:22  Zergling x4  
  26  2:25  Zergling x2  
  27  2:30  Drone  
  27  2:34  Overlord  
  28  2:39  Drone  
  29  2:56  Overlord  
  29  3:02  Overlord  
  29  3:03  Drone  
  29  3:04  Drone  
  32  3:05  Drone x2  
  32  3:08  Drone  
  34  3:19  Spine Crawler  
  33  3:22  Spine Crawler  
  32  3:38  Drone x2  
  34  3:49  Spine Crawler  
  34  3:51  Spine Crawler  
  34  3:54  Zergling x12  
  38  3:56  Drone  
  38  4:02  Zergling x2  
  36  4:26  Drone x4  
  40  4:32  Drone  
  40  4:33  Overlord, Drone  
  42  4:52  Lair  
  42  5:00  Roach Warren  
  41  5:07  Overlord  
  41  5:12  Spore Crawler  
  41  5:14  Overlord  
  40  5:23  Overlord x2  
  40  5:24  Drone x2  
  42  5:31  Drone, Extractor  
  42  5:32  Drone x5  
  47  5:53  Spore Crawler  
  46  5:57  Hatchery  
  46  6:02  Hydralisk Den  
  46  6:03  Overlord  
  44  6:13  Drone x3  
  44  6:16  Roach  
  44  6:18  Drone x3  
  52  6:24  Overlord  
  52  6:27  Overlord  
  52  6:28  Overlord  
  52  6:32  Hydralisk x3  
  58  6:56  Overlord  
  58  6:58  Hydralisk x5  
  58  6:59  Zergling x4, Extractor  
  69  7:04  Evolution Chamber  
  68  7:08  Pneumatized Carapace  
  68  7:12  Drone  
  69  7:25  Hydralisk  
  71  7:37  Grooved Spines  
  71  7:38  Zergling x18  
  78  8:06  Hatchery  
  71  8:18  Zergling x24  
  79  8:28  Glial Reconstitution  
  79  8:30  Roach x3  
  85  8:53  Overlord  
  85  8:54  Zergling x12  
  89  9:04  Hatchery  
  89  9:07  Overseer  
  88  9:12  Overlord  
  88  9:13  Overlord  
  88  9:14  Overlord  
  88  9:21  Overlord x2  
Show
View Real Time Build Order
Export as new Build Order

Fries Protoss 

Build Orders: Double Forge 

Get SALT Encoding   

  12  0:01  Probe  
  13  0:16  Pylon  
  13  0:17  Probe  
  14  0:26  Probe  
  14  0:35  Probe  
  16  0:47  Probe, Gateway  
  17  1:00  Probe  
  17  1:01  Assimilator  
  18  1:16  Probe  
  19  1:24  Pylon  
  19  1:29  Assimilator  
  19  1:31  Probe  
  20  1:42  Cybernetics Core  
  20  1:44  Gateway  
  20  1:53  Probe  
  21  2:05  Probe  
  22  2:13  Warp Gate  
  22  2:18  Adept  
  24  2:27  Probe  
  25  2:32  Adept  
  27  2:40  Probe  
  27  2:44  Pylon  
  28  2:52  Adept  
  28  2:57  Adept  
  29  3:05  Stargate  
  31  3:16  Pylon  
  31  3:50  Void Ray  
  27  4:33  Forge  
  27  4:35  Zealot x2  
  27  4:36  Forge  
  31  4:40  Oracle  
  34  4:55  Stalker  
  34  4:56  Stalker  
  38  5:02  Pylon  
  38  5:06  Protoss Ground Weapons Level 1  
  38  5:20  Zealot x2  
  42  5:33  Probe  
  42  5:35  Protoss Shields Level 1  
  42  5:41  Probe  
  44  6:07  Stalker x2  
  48  6:16  Robotics Facility  
  48  6:17  Nexus  
  48  6:34  Adept  
  48  6:35  Adept  
  52  6:49  Phoenix  
  54  6:56  Pylon  
  54  6:57  Probe  
  55  7:06  Protoss Ground Armor Level 1  
  55  7:07  Pylon  
  55  7:10  Immortal  
  55  7:11  Probe  
  60  7:23  Probe  
  61  7:31  Assimilator  
  61  7:32  Assimilator  
  61  7:35  Probe, Gateway  
  61  7:36  Gateway  
  62  7:39  Pylon, Gateway  
  62  7:41  Probe  
  63  7:47  Probe  
  64  8:01  Stalker x2  
  58  8:28  Robotics Bay  
  58  8:35  Twilight Council  
  58  8:37  Pylon  
  56  8:46  Probe x2  
  58  8:56  Stalker x2  
  58  8:57  Stalker  
  58  8:58  Probe x2  
  66  9:10  Probe  
  67  9:21  Probe  
  67  9:22  Probe  
  67  9:37  Stalker  
  67  9:38  Stalker x2  
Tags
 
Add a new tag
Caveats
  • Supply blocks, unpowered buildings, or Contaminate may cause inaccurate times.
  • Supply counts are checked every 10 seconds.